[Event "*** Titled Tuesday Blitz"]
[Site "Chess.com"]
[Date "2018.07.03"]
[Round "4"]
[White "VladimirBelous"]
[Black "Keures"]
[Result "1-0"]
[WhiteElo "2659"]
[BlackElo "2138"]
[TimeControl "180+2"]
[EndTime "13:48:57 PDT"]
[Termination "VladimirBelous won by resignation"]

1. c4 Nf6 2. Nc3 e6 3. e4 d5 4. e5 Ng8 5. d4 c6 6. Nf3 b6 7. cxd5 cxd5 8. Bg5 Be7 9. Be3 Qd7 10. Rc1 Ba6 11.
Bxa6 Nxa6 12. a3 Nc7 13. Qd3 Bd8 14. O-O h6 15. g4 Ne7 16. Kg2 Ng6 17. h3 Nh4+ 18.
Nxh4 Bxh4 19. f4 g6 20. f5 gxf5 21. gxf5 Rg8+ 22. Kh2 Bg5 23. f6 O-O-O 24. Nb5 Bxe3 25. Rxc7+ Qxc7 26. Nxc7 Kxc7 27. Qxe3 Rg6 28. Rc1+ Kb7 29. Qc3 Rdg8 30. Qc6+ Ka6 31. Rc2 Rg1 32. Qa4+ Kb7 33.
Qd7+ Ka6 34. Qxf7 R8g5 35. Qxe6 Rd1 36. Qc8+ Ka5 37. Qc3+ Ka6 38. Qc8+ Ka5 39. b4+ Ka4 40. Qc6+ Kb3 41. Qc3+ Ka4 42. Rg2 Rf5 43. Qc2+ 1-0

[Event "*** Titled Tuesday Blitz"]
[Site "Chess.com"]
[Date "2018.07.03"]
[Round "4"]
[White "Gr3egor"]
[Black "Hrant_ChessMood"]
[Result "0-1"]
[WhiteElo "2367"]
[BlackElo "2899"]
[TimeControl "180+2"]
[EndTime "13:49:04 PDT"]
[Termination "Hrant_ChessMood won by resignation"]

1. d4 Nf6 2. c4 g6 3. Nc3 Bg7 4. e4 d6 5. f3 O-O 6. Nge2 Nc6 7. Be3 a6 8. Qd2 Rb8 9. Ng3 e5 10. d5 Nd4 11. Nce2 c5 12. dxc6 Nxc6 13. Rd1 Be6 14. b3 Ne8 15. h4 h5 16. f4 exf4 17. Nxf4 Bg4 18. Be2 Ne5 19. c5 Bxe2 20. Nfxe2 Ng4 21. Bg5 Qd7 22. cxd6 Be5 23. Bf4 Rd8 24. O-O Bxd6 25. Bxd6 Qxd6 26. Qxd6 Nxd6 27. Rd3 Nb5 28. Rfd1 Rxd3 29.
Rxd3 Rc8 30. a4 Na3 31. Nf1 Rc2 32. Nd4 Rc1 33. e5 Nc2 34. Rc3 Nxd4 0-1

[Event "*** Titled Tuesday Blitz"]
[Site "Chess.com"]
[Date "2018.07.03"]
[Round "4"]
[White "Martins-BR"]
[Black "Triumphmate"]
[Result "1/2-1/2"]
[WhiteElo "2331"]
[BlackElo "2222"]
[TimeControl "180+2"]
[EndTime "13:49:17 PDT"]
[Termination "Game drawn by repetition"]

1. e4 d5 2. exd5 Nf6 3. Nf3 Bg4 4. h3 Bxf3 5. Qxf3 Qxd5 6. Qb3 Nc6 7. Nc3 Qxb3 8. axb3 Nb4 9. Kd1 e6 10. Nb5 Bd6 11.
c3 Nc6 12. d4 a6 13. Na3 Ke7 14. Nc4 Rad8 15. Kc2 Rhe8 16. Bg5 h6 17. Bh4 g5 18. Bg3 Bxg3 19. fxg3 Ne4 20. g4 f5 21. gxf5 exf5 22. Bd3 Nf2 23. Rhf1 Nxd3 24. Kxd3 Kf6 25. Rae1 Rxe1 26.
Rxe1 Rd7 27. b4 Re7 28. Rf1 h5 29. g3 Kg6 30. Ne3 Rf7 31. Nd5 Rd7 32. Ne3 Rf7 33. Nd5 Rd7 34. Ne3 Rf7 1/2-1/2

[Event "*** Titled Tuesday Blitz"]
[Site "Chess.com"]
[Date "2018.07.03"]
[Round "4"]
[White "TST2014"]
[Black "stolencandy13"]
[Result "0-1"]
[WhiteElo "2361"]
[BlackElo "2314"]
[TimeControl "180+2"]
[EndTime "13:49:17 PDT"]
[Termination "stolencandy13 won on time"]

1. d4 Nf6 2. c4 c5 3. d5 e6 4. Nc3 exd5 5. cxd5 d6 6. e4 g6 7. Bd3 Bg7 8. h3 a6 9. a4 Nbd7 10. Nf3 Nh5 11. O-O Ne5 12. Be2 Nxf3+ 13. Bxf3 Qh4 14. Bg4 Bxg4 15. Qxg4 Qxg4 16. hxg4 Nf6 17. Bf4 O-O-O 18. g5 Ng4 19. f3 Bd4+ 20. Kh1 h6 21. gxh6 Nxh6 22.
Bh2 Rh7 23. g3 Rdh8 24. Kg2 Ng4 25. Bg1 Bxg1 26. Rxg1 Rh2+ 27. Kf1 Ne3+ 0-1

[Event "*** Titled Tuesday Blitz"]
[Site "Chess.com"]
[Date "2018.07.03"]
[Round "4"]
[White "nurmiTV"]
[Black "simplerXiao"]
[Result "1-0"]
[WhiteElo "2512"]
[BlackElo "2370"]
[TimeControl "180+2"]
[EndTime "13:49:20 PDT"]
[Termination "nurmiTV won by resignation"]

1. c4 c5 2. Nc3 Nf6 3. g3 d5 4.
cxd5 Nxd5 5. Bg2 Nc7 6. Qa4+ Bd7 7. Qb3 Nc6 8. Qxb7 Nd4 9. Qe4 Rb8 10. Nh3 Bf5 11.
Qxf5 Nxf5 12. Bc6+ Qd7 13. Bxd7+ Kxd7 14. O-O e6 15. d3 h5 16. Nf4 h4 17. g4 Nd4 18. b3 Bd6 19. e3 Nf3+ 20. Kg2 Ne5 21. h3 g5 22. Nh5 Nxd3 23. Rd1 Nxc1 24. Raxc1 Ke7 25. Ne4 Nd5 26. Nxd6 Kxd6 27. e4 Rb4 28. exd5 exd5 29. Nf6 d4 30. Ne4+ Kd5 31. Nxg5 Rb7 32. Kf3 Rg8 33. Ne4 Rc7 34. Nf6+ 1-0

[Event "*** Titled Tuesday Blitz"]
[Site "Chess.com"]
[Date "2018.07.03"]
[Round "4"]
[White "CarlssonLudvig"]
[Black "Quiet_Desperation"]
[Result "1/2-1/2"]
[WhiteElo "2129"]
[BlackElo "1863"]
[TimeControl "180+2"]
[EndTime "13:49:29 PDT"]
[Termination "Game drawn - insufficient material"]

1. d4 Nf6 2. Nf3 e6 3. e3 b6 4. Bd3 Bb7 5. Nbd2 Be7 6. O-O O-O 7. b3 d5 8. Bb2 Nbd7 9. Ne5 Nxe5 10. dxe5 Nd7 11. f4 f5 12. exf6 Nxf6 13. Qf3 c5 14. e4 d4 15. Qh3 g6 16. Qxe6+ Kh8 17. Qh3 Bc8 18. Qf3 Rb8 19. c3 Bg4 20. Qg3 Qd7 21. cxd4 cxd4 22. Nc4 Nh5 23. Qf2 Rbd8 24. Ne5 Qe6 25.
Nxg4 Qxg4 26. Bxd4+ Rxd4 27. Qxd4+ Bf6 28. e5 Bg7 29. Rac1 Nxf4 30. Rxf4 Rxf4 31. Rc8+ Qxc8 32.
Qxf4 Qc5+ 33. Qf2 Qxf2+ 34. Kxf2 Bxe5 35. h3 Kg7 36. Ke3 Kf6 37. Ke4 Bg3 38. Kd5 Bf2 39.
Kc6 a5 40. Kb5 Ke5 41. Bc4 h6 42. Bg8 Kd4 43. Bh7 g5 44. Kxb6 Be1 45. Kb5 Ke3 46. Bg8 Bb4 47. a3 Bxa3 48. Kxa5 Kd4 49. b4 Ke5 50. b5 Kd6 51. Ka6 Kc7 52. b6+ Kb8 53.
Bd5 h5 54. Bf7 h4 55. Bd5 Bc1 56. Kb5 Bf4 57. Kc6 Be3 58. Kd7 Bxb6 59. Ke6 Be3 60. Kf5 Bf4 61. Kg4 Kc7 62. g3 hxg3 63. h4 gxh4 64. Kxf4 Kd6 65. Bg2 Kc5 66. Kg4 Kd4 67.
Kxh4 Ke3 68. Kxg3 1/2-1/2

[Event "*** Titled Tuesday Blitz"]
[Site "Chess.com"]
[Date "2018.07.03"]
[Round "4"]
[White "Saitama_Hero"]
[Black "albi1999"]
[Result "1-0"]
[WhiteElo "2339"]
[BlackElo "2496"]
[TimeControl "180+2"]
[EndTime "13:49:29 PDT"]
[Termination "Saitama_Hero won by resignation"]

1. d4 d5 2. c4 e6 3. Nf3 Nf6 4.
Nc3 c5 5. e3 Nc6 6. a3 Ne4 7.
Bd2 cxd4 8. exd4 Nxd2 9. Qxd2 dxc4 10. Bxc4 Be7 11. O-O O-O 12. Rad1 b6 13. d5 Na5 14. Ba2 exd5 15. Nxd5 Bb7 16. Rfe1 Bf6 17. Qf4 Kh8 18. Nc7 Qb8 19. Ne5 Nc6 20. Nd7 Qc8 21. Nxf6 gxf6 22. Qxf6+ Kg8 23. Nxa8 Bxa8 24. Re3 1-0

[Event "*** Titled Tuesday Blitz"]
[Site "Chess.com"]
[Date "2018.07.03"]
[Round "4"]
[White "joejan"]
[Black "ChrisTool2"]
[Result "0-1"]
[WhiteElo "2254"]
[BlackElo "2269"]
[TimeControl "180+2"]
[EndTime "13:49:33 PDT"]
[Termination "ChrisTool2 won by checkmate"]

1. e4 c5 2. Nc3 d6 3. f4 Nc6 4. Nf3 g6 5. Bc4 Bg7 6. O-O e6 7. d3 Nge7 8. Qe1 Nd4 9. Nxd4 cxd4 10. Ne2 O-O 11. Ng3 d5 12. Bb3 dxe4 13. dxe4 a5 14. a4 d3 15. Be3 dxc2 16. Bxc2 Bxb2 17. Rb1 Bg7 18. f5 exf5 19. exf5 Nd5 20. fxg6 hxg6 21. Bc5 Re8 22. Qf2 Be6 23. Rxb7 Qg5 24. Bb3 Rab8 25.
Rxb8 Rxb8 26. Bc4 Rb2 27. Qf3 Nf4 28. Bxe6 Qxc5+ 29. Kh1 g5 30. Qa8+ Bf8 31. Bg4 Rxg2 32.
Rxf4 Qg1# 0-1

[Event "*** Titled Tuesday Blitz"]
[Site "Chess.com"]
[Date "2018.07.03"]
[Round "4"]
[White "Nathan_Filgueiras"]
[Black "Mimsychess"]
[Result "0-1"]
[WhiteElo "2161"]
[BlackElo "2295"]
[TimeControl "180+2"]
[EndTime "13:49:39 PDT"]
[Termination "Mimsychess won by resignation"]

1. e4 e5 2. Nf3 Nc6 3. Bc4 Bc5 4. O-O Nf6 5. d3 O-O 6. a4 a6 7. c3 d5 8. exd5 Nxd5 9. Re1 Nb6 10. Bb3 Bf5 11.
a5 Nd7 12. Bc2 Re8 13. Nbd2 h6 14. Ne4 Ba7 15. Ng3 Bh7 16. Be3 Bxe3 17. Rxe3 f5 18. Re1 Qf6 19. Qe2 Rad8 20. b4 e4 21. dxe4 Qxc3 22.
Qd2 Qxd2 23. Nxd2 f4 24. Ne2 Nxb4 25. Bb3+ Kh8 26. Nxf4 Ne5 27. Rad1 Ned3 28. Nxd3 Nxd3 29. Re3 Nb2 30. Rb1 Rxd2 31. Kf1 Rxe4 32. Ke1 Rxe3+ 0-1

[Event "*** Titled Tuesday Blitz"]
[Site "Chess.com"]
[Date "2018.07.03"]
[Round "4"]
[White "ENEASZ"]
[Black "rekosheten"]
[Result "1-0"]
[WhiteElo "2508"]
[BlackElo "2371"]
[TimeControl "180+2"]
[EndTime "13:49:39 PDT"]
[Termination "ENEASZ won by checkmate"]

1. e4 c6 2. d3 d5 3. Nd2 g6 4. Ngf3 Bg7 5. g3 a5 6. Bg2 a4 7. O-O a3 8. Rb1 axb2 9. Bxb2 Nf6 10. a3 O-O 11. Re1 dxe4 12. Nxe4 Nxe4 13. Rxe4 Bxb2 14.
Rxb2 Rxa3 15. h4 Nd7 16. Qc1 Nf6 17. Re1 Qa5 18. Rb1 Re8 19. Qh6 Qh5 20. Qf4 Nd5 21.
Qd2 Ra2 22. Ng5 Qh6 23. Bxd5 cxd5 24. Qf4 f6 25. Qf3 Ra5 26. Ne6 Kf7 27. Ng5+ Kg7 28. Ne6+ Kf7 29. Nc7 Rd8 30. c4 dxc4 31. dxc4 Qd2 32.
Nd5 Be6 33. Rxe6 Kxe6 34. Qe4+ Kd6 35. Qxe7+ Kc6 36. Qc7# 1-0

[Event "*** Titled Tuesday Blitz"]
[Site "Chess.com"]
[Date "2018.07.03"]
[Round "4"]
[White "Passacaglia23"]
[Black "nitpicker"]
[Result "1-0"]
[WhiteElo "2303"]
[BlackElo "2102"]
[TimeControl "180+2"]
[EndTime "13:49:43 PDT"]
[Termination "Passacaglia23 won by resignation"]

1. d4 Nf6 2. c4 e6 3. Nf3 b6 4. g3 Ba6 5. Qc2 Bb4+ 6. Bd2 Be7 7. Bg2 Bb7 8. Nc3 c5 9. d5 exd5 10. Nh4 O-O 11. Nf5 Na6 12. cxd5 Nb4 13. Qb3 c4 14. Qxc4 Nc2+ 15. Kd1 Nxa1 16. d6 Bxd6 17. Bxb7 Rb8 18. Nxd6 Qe7 19. Qd3 Ne8 20. Ncb5 Qf6 21. Kc1 Qxf2 22.
Kb1 Rxb7 23. Nxb7 Qg2 24. Qf3 Qh3 25. Bb4 d6 26. Kxa1 1-0

[Event "*** Titled Tuesday Blitz"]
[Site "Chess.com"]
[Date "2018.07.03"]
[Round "4"]
[White "gmjlh"]
[Black "Gvalch"]
[Result "0-1"]
[WhiteElo "2656"]
[BlackElo "2626"]
[TimeControl "180+2"]
[EndTime "13:49:53 PDT"]
[Termination "Gvalch won on time"]

1. d4 d5 2. c4 c6 3. Nf3 Nf6 4. Nc3 a6 5. c5 Bf5 6. Bf4 Nbd7 7. e3 Nh5 8. Nh4 Bg6 9. g4 Nxf4 10. exf4 e6 11.
g5 b6 12. b4 bxc5 13. dxc5 Qb8 14. Qd4 a5 15. b5 Bxc5 16. Qxg7 Ke7 17. f5 Qf4 18. Nxg6+ hxg6 19. f6+ Kd6 20. Qxf7 Qxf2+ 21. Kd1 Qf3+ 22. Kc2 Qxh1 23. bxc6 Rxh2+ 24. Kb3 Rb8+ 25. Nb5+ Rxb5+ 26. Bxb5 Qf3+ 0-1

[Event "*** Titled Tuesday Blitz"]
[Site "Chess.com"]
[Date "2018.07.03"]
[Round "4"]
[White "florianschwabeneder"]
[Black "vovachesss"]
[Result "0-1"]
[WhiteElo "2472"]
[BlackElo "2433"]
[TimeControl "180+2"]
[EndTime "13:49:54 PDT"]
[Termination "vovachesss won by resignation"]

1. e4 Nc6 2. Nf3 d6 3. d4 Bg4 4. d5 Ne5 5. Nxe5 Bxd1 6. Bb5+ c6 7. dxc6 Qa5+ 8. Nc3 O-O-O 9. cxb7+ Kxb7 10. Nxf7 Bh5 11. Nxh8 g5 12. O-O Bg7 13. Bd3 Bxh8 14. Nd5 Bf7 15.
Bxg5 Bxd5 16. exd5 Nf6 17. c4 Rg8 18. Bf4 Nh5 19. Be3 Be5 20. g3 Nf4 21. Bxh7 Ne2+ 22. Kg2 Rh8 23. Bd3 Nd4 24. Rfe1 Qd8 25. Rad1 Qf8 26.
f4 Qh6 27. h4 Bf6 28. Be4 Qg7 29. Rd3 Rxh4 30. Red1 Ne2 31. Bf2 Nxf4+ 0-1

[Event "*** Titled Tuesday Blitz"]
[Site "Chess.com"]
[Date "2018.07.03"]
[Round "4"]
[White "MikaelyanArman"]
[Black "VovenRogel"]
[Result "1-0"]
[WhiteElo "2614"]
[BlackElo "2684"]
[TimeControl "180+2"]
[EndTime "13:49:57 PDT"]
[Termination "MikaelyanArman won by resignation"]

1. d4 Nf6 2. Bf4 d5 3. e3 c5 4.
Nf3 Nc6 5. Nbd2 e6 6. c3 Nh5 7.
Bg5 f6 8. Bh4 g6 9. Bb5 Bd7 10.
O-O Be7 11. dxc5 Bxc5 12. e4 a6 13. Ba4 dxe4 14. Nxe4 Be7 15. Nd6+ Bxd6 16. Qxd6 Qe7 17. Qc7 b5 18. Bb3 O-O 19. Rad1 Ra7 20. Qd6 Qxd6 21.
Rxd6 Ng7 22. Rfd1 Nb8 23. Nd4 g5 24. Bg3 Re8 25. Rb6 Ra8 26. Re1 h5 27. h4 gxh4 28.
Bxh4 Kf7 29. Rb7 Kg6 30. Re3 e5 31. Rg3+ Kh6 32. Bxf6 exd4 33. Bxg7+ Kh7 34. Bc2+ Kg8 35. Bxd4+ Bg4 36. f3 1-0

[Event "*** Titled Tuesday Blitz"]
[Site "Chess.com"]
[Date "2018.07.03"]
[Round "4"]
[White "artichaud"]
[Black "nickmatta"]
[Result "0-1"]
[WhiteElo "2131"]
[BlackElo "2276"]
[TimeControl "180+2"]
[EndTime "13:50:01 PDT"]
[Termination "nickmatta won on time"]

1. d4 Nf6 2. Bg5 Ne4 3. Bf4 d5 4. e3 Bf5 5. Bd3 e6 6. Ne2 Bd6 7. O-O O-O 8. c4 c6 9. Bxe4 Bxe4 10. Nbc3 Bf5 11. Bxd6 Qxd6 12. c5 Qe7 13. b4 e5 14.
b5 Nd7 15. bxc6 bxc6 16. Qa4 Qf6 17. Rfe1 h6 18. Qa5 Rfb8 19. Ng3 Bg6 20. Nce2 Rb2 21. Qc3 Rab8 22. h3 exd4 23. exd4 Rc2 0-1

[Event "*** Titled Tuesday Blitz"]
[Site "Chess.com"]
[Date "2018.07.03"]
[Round "4"]
[White "Zq1"]
[Black "Alopekos"]
[Result "1/2-1/2"]
[WhiteElo "2506"]
[BlackElo "2411"]
[TimeControl "180+2"]
[EndTime "13:50:08 PDT"]
[Termination "Game drawn by agreement"]

1. d4 Nf6 2. c4 e6 3. Nc3 d5 4. Bg5 dxc4 5. e3 c5 6. Nf3 Nc6 7. dxc5 Qxd1+ 8. Rxd1 Bxc5 9. Bxc4 a6 10. Bxf6 gxf6 11.
Ne4 Be7 12. Nd6+ Bxd6 13. Rxd6 Ke7 14. Rd2 b5 15. Bd3 Bb7 16. Ke2 Rag8 17. Rg1 Ne5 18. Nxe5 fxe5 19. g3 e4 20. Bc2 Bd5 21. Bb3 Bc6 22.
Rc1 Rc8 23. Rc5 Bd7 24. Rdc2 Kd6 25. Rxc8 Rxc8 26. Rxc8 Bxc8 27. Bc2 Bb7 28. Kf1 Bd5 29. a3 Kc5 30. Ke2 a5 31. Kd2 b4 32. axb4+ Kxb4 33. Bd1 Bb3 34. Bh5 f5 35. h3 Bd5 36. Bf7 Kb3 37. Kc1 Kc4 38. Kc2 Kb4 39. g4 fxg4 40. hxg4 h6 41. Bg8 Kc4 42. Bh7 Kb4 43. Bg6 Kc4 44. Be8 Kb4 45. Bd7 Kc4 46. Be8 Kb4 1/2-1/2

[Event "*** Titled Tuesday Blitz"]
[Site "Chess.com"]
[Date "2018.07.03"]
[Round "4"]
[White "Micki-taryan"]
[Black "champ2005"]
[Result "1/2-1/2"]
[WhiteElo "2857"]
[BlackElo "2716"]
[TimeControl "180+2"]
[EndTime "13:50:14 PDT"]
[Termination "Game drawn by repetition"]

1. b3 Nf6 2. Bb2 g6 3. Bxf6 exf6 4. d4 f5 5. e3 Bg7 6. g3 O-O 7. Bg2 d6 8. Ne2 c6 9. c4 Nd7 10. Nbc3 Nf6 11. O-O Re8 12. b4 Be6 13. Qd3 d5 14. cxd5 Nxd5 15. Nxd5 Bxd5 16. Bxd5 Qxd5 17. Rfc1 Qd7 18.
a4 Bf8 19. Rab1 a6 20. Qb3 Rac8 21. b5 axb5 22. axb5 c5 23. dxc5 Rxc5 24. Rxc5 Bxc5 25. Rd1 Qe7 26. Nf4 Rd8 27. Rd5 Bd6 28. Qd3 Bc7 29. Rxd8+ Qxd8 30. Nd5 Be5 31. Qc4 Qd7 32. h4 h5 33. Kg2 Kg7 34. Nb4 Qd6 35. Nd5 Qe6 36.
Qc5 Bd6 37. Qd4+ Be5 38. Qd3 Qd6 39. Qc4 Qe6 40. Kf3 Qd7 41. Ke2 Qe6 42. Qd3 Qd6 43. Qc4 Qe6 44. Qc5 Bd6 45. Qc3+ Be5 46. Qc4 Qd7 47. Kd3 Qe6 48. Kc2 Qd7 49. Kb3 Qd6 50.
b6 Qd7 51. Qc5 Qe6 52. Kc4 Bd6 53. Qd4+ Be5 54. Qc5 Bd6 55. Qa5 Qe4+ 56. Kb3 Qb1+ 57. Kc4 Qe4+ 58. Kb3 Qb1+ 59. Kc4 Qf1+ 60. Kb3 Qb1+ 1/2-1/2

[Event "*** Titled Tuesday Blitz"]
[Site "Chess.com"]
[Date "2018.07.03"]
[Round "4"]
[White "joppie2"]
[Black "mukhin1"]
[Result "0-1"]
[WhiteElo "2715"]
[BlackElo "2929"]
[TimeControl "180+2"]
[EndTime "13:50:17 PDT"]
[Termination "mukhin1 won by resignation"]

1. d4 Nf6 2. Bf4 c5 3. e3 Qb6 4. Na3 cxd4 5. exd4 d6 6. Nc4 Qd8 7. Nf3 Nc6 8. c3 e6 9. h3 Be7 10. Be2 O-O 11. a4 b6 12. O-O Bb7 13. Bh2 Rc8 14. Re1 Ba6 15. Bf1 Nb8 16. Ne3 Bxf1 17. Rxf1 d5 18. Re1 Nc6 19. Qd3 Ne4 20. Ng4 Bd6 21.
Bxd6 Qxd6 22. Nfe5 Nxe5 23. Nxe5 Qc7 24. Qb5 Nd6 25.
Qd3 Ne4 26. Qa6 Nd6 27. Qe2 Ne4 28. Qh5 Qe7 29. Nd3 Qc7 30. Qf3 Nd2 31. Qe3 Ne4 32.
Qe2 Rfd8 33. Ne5 Rf8 34. h4 Nf6 35. g3 Nd7 36. Nf3 a5 37. Kg2 Nf6 38. Ng5 h6 39. Nf3 Ng4 40. Qd3 Nf6 41. Ne5 Nd7 42. Ng4 Rfe8 43. Qd2 Qd6 44. Re3 h5 45. Ne5 Nxe5 46. Rxe5 g6 47. Rae1 Kg7 48. R1e3 f6 0-1

[Event "*** Titled Tuesday Blitz"]
[Site "Chess.com"]
[Date "2018.07.03"]
[Round "4"]
[White "Parhamov"]
[Black "W_Amadeus"]
[Result "1-0"]
[WhiteElo "2763"]
[BlackElo "2590"]
[TimeControl "180+2"]
[EndTime "13:50:19 PDT"]
[Termination "Parhamov won by resignation"]

1. d4 d5 2. c4 e6 3. Nf3 Nf6 4. Nc3 c6 5. Bg5 h6 6. Bxf6 Qxf6 7. Qb3 Nd7 8. e4 dxe4 9. Nxe4 Qf4 10. Ned2 g6 11.
g3 Qc7 12. Bg2 Bg7 13. O-O O-O 14. Rad1 b6 15. Rfe1 Bb7 16. Qc2 c5 17. dxc5 Nxc5 18. b4 Nd7 19. Ne4 Ne5 20. Nxe5 Bxe5 21. c5 bxc5 22.
Nxc5 Bxg2 23. Kxg2 Bg7 24. Qe4 Rad8 25. a4 a5 26. Na6 Qb6 27. b5 Rd4 28. Rxd4 Bxd4 29. Qf3 Rc8 30. h4 Rc3 31. Qf4 Rc2 32. Rf1 h5 33.
Qb8+ Kg7 34. Qf4 e5 35. Qf3 Ra2 36. Qb3 Rb2 37. Qd5 Qf6 38. Qf3 Qxf3+ 39. Kxf3 Ra2 40. Ke4 Rxa4 41. Kd5 Ra2 42. f4 Rb2 43. fxe5 Be3 44. Nc7 Bb6 45. Ne8+ Kg8 46. Nd6 Bc7 47. Kc6 Bxd6 48.
exd6 Kf8 49. Re1 Rc2+ 50. Kd7 a4 51. Re8+ Kg7 52. Ra8 Rc5 53. b6 Rb5 54. Kc6 Rb4 55. b7 1-0

[Event "*** Titled Tuesday Blitz"]
[Site "Chess.com"]
[Date "2018.07.03"]
[Round "4"]
[White "HanSchut"]
[Black "matiss90"]
[Result "0-1"]
[WhiteElo "2267"]
[BlackElo "2353"]
[TimeControl "180+2"]
[EndTime "13:50:19 PDT"]
[Termination "matiss90 won by resignation"]

1. e4 c5 2. Nf3 d6 3. d4 cxd4 4. Nxd4 Nf6 5. f3 g6 6. c4 Bg7 7. Be3 O-O 8. Qd2 Nc6 9. Nc3 Be6 10. Rc1 Ne5 11. b3 a6 12. Be2 Rc8 13. O-O Bd7 14. Rfd1 Nh5 15. f4 Ng4 16. Bxg4 Bxg4 17. Rf1 e5 18.
Nf3 Bxf3 19. Rxf3 exf4 20. Bxf4 Nxf4 21. Qxf4 b5 22. cxb5 axb5 23. Nd5 Rxc1+ 24. Qxc1 Qa8 25. Qc2 Qa7+ 26. Kh1 Qd4 27. Rf1 h5 28. Qf2 Qxe4 29. Nf6+ Bxf6 30. Qxf6 d5 31. h3 b4 32. Rd1 Rc8 33.
Rd4 Rc1+ 34. Kh2 Qe1 35. Qd8+ Kg7 36. Qxd5 Qg1+ 37. Kg3 Rc3+ 38. Rd3 h4+ 39. Kxh4 Qf2+ 40. g3 Qf6+ 41. Kg4 Qf5+ 0-1

[Event "*** Titled Tuesday Blitz"]
[Site "Chess.com"]
[Date "2018.07.03"]
[Round "4"]
[White "dinesh501"]
[Black "Ravan_02"]
[Result "0-1"]
[WhiteElo "1961"]
[BlackElo "2478"]
[TimeControl "180+2"]
[EndTime "13:50:21 PDT"]
[Termination "Ravan_02 won by resignation"]

1. e4 e6 2. d4 d5 3. Nc3 Nf6 4. e5 Nfd7 5. Qg4 c5 6. dxc5 Nxe5 7. Qg3 Nbc6 8. Bf4 Ng6 9. Bc7 Qh4 10. Nf3 Qxg3 11.
Bxg3 Bxc5 12. Nb5 Bb6 13. Nc7+ Bxc7 14. Bxc7 Ke7 15. Bg3 e5 16. O-O-O d4 17. Bb5 f6 18. Rhe1 Be6 19. h4 h5 20. Bd3 Kf7 21. Be4 Rac8 22. Kb1 Rhd8 23. a3 Bd5 24. Bxd5+ Rxd5 25. Rd2 Na5 26.
Rd3 Rb5 27. Nd2 Ne7 28. f4 Ng6 29. fxe5 fxe5 30. Ne4 Nc4 31. b4 Kg8 32. Nc5 Rcxc5 33. Ka2 Rc8 34. Kb3 Ne3 35. c3 Nf5 36. c4 Rb6 37. Bxe5 Re6 0-1

[Event "*** Titled Tuesday Blitz"]
[Site "Chess.com"]
[Date "2018.07.03"]
[Round "4"]
[White "evgenysharapov"]
[Black "Mbneu"]
[Result "1/2-1/2"]
[WhiteElo "2401"]
[BlackElo "2240"]
[TimeControl "180+2"]
[EndTime "13:50:23 PDT"]
[Termination "Game drawn by agreement"]

1. e4 e5 2. Nf3 Nc6 3. Bb5 Bc5 4. Nxe5 Bxf2+ 5. Kxf2 Nxe5 6. Nc3 c6 7. Be2 d5 8. d4 Ng6 9. exd5 cxd5 10. Rf1 N8e7 11. Kg1 O-O 12. Bd3 Be6 13. Kh1 Qd7 14. Be3 Rae8 15.
Qd2 a6 16. Rae1 Nf5 17. Bg1 Nd6 18. h3 f5 19. Bh2 Ne4 20. Bxe4 fxe4 21. Qe3 Nh4 22. Be5 Nf5 23. Qg5 h6 24. Qg6 Qf7 25.
Qxf7+ Rxf7 26. Kg1 Ne7 27. Rxf7 Bxf7 28. Bf4 Nf5 29.
Be5 Ne7 30. Bf4 Nf5 31. Be3 b5 32. a3 Nd6 33. Nd1 Rc8 34. c3 Nc4 35. Bc1 Bh5 36. Ne3 Nxe3 37. Bxe3 Rf8 38. Rf1 Rxf1+ 39. Kxf1 Kf7 1/2-1/2

[Event "*** Titled Tuesday Blitz"]
[Site "Chess.com"]
[Date "2018.07.03"]
[Round "4"]
[White "BillForster"]
[Black "morphy1984"]
[Result "0-1"]
[WhiteElo "1701"]
[BlackElo "2502"]
[TimeControl "180+2"]
[EndTime "13:50:39 PDT"]
[Termination "morphy1984 won by resignation"]

1. d4 Nf6 2. c4 g6 3. Nc3 Bg7 4. e4 d6 5. Bd3 O-O 6. Nge2 e5 7. d5 a5 8. O-O Na6 9. Bc2 Nh5 10. Be3 Bd7 11. a3 Qe8 12. Rb1 f5 13. exf5 gxf5 14. f4 exf4 15. Bxf4 Nxf4 16. Nxf4 Nc5 17. Kh1 a4 18.
Qe2 Bxc3 19. bxc3 Qxe2 20. Nxe2 Rae8 21. Nd4 f4 22. Rbe1 Re5 23. Nb5 Bxb5 24. cxb5 Rxd5 25. Re7 Rf7 26. Re8+ Kg7 27. Rfe1 Rd2 28. Bf5 Rxf5 29. R1e7+ Rf7 30. Re1 Nd3 31. Rf1 Rd1 32. Kg1 Rxf1+ 33. Kxf1 Ne5 34. Ke2 Nc4 35. Kd3 Nxa3 0-1

[Event "*** Titled Tuesday Blitz"]
[Site "Chess.com"]
[Date "2018.07.03"]
[Round "4"]
[White "plouarzel"]
[Black "andrzej"]
[Result "1-0"]
[WhiteElo "2486"]
[BlackElo "2208"]
[TimeControl "180+2"]
[EndTime "13:50:45 PDT"]
[Termination "plouarzel won on time"]

1. e4 c5 2. Nf3 e6 3. g3 Nc6 4. Bg2 d5 5. exd5 exd5 6. O-O Nf6 7. d4 cxd4 8. Nxd4 Be7 9. Nc3 O-O 10. h3 Re8 11. Re1 h6 12. Be3 Bb4 13. Nxc6 bxc6 14.
Bd4 Rxe1+ 15. Qxe1 Bf5 16. a3 Ba5 17. Bxf6 Qxf6 18.
Nxd5 cxd5 19. Qxa5 Qxb2 20. Re1 Qxc2 21. Bxd5 Rf8 22.
Qxa7 Bxh3 23. a4 h5 24. Qd4 Bc8 25. a5 Qc7 26. Qb6 Qc3 27. Rd1 Qc2 28. Bb3 Qe2 29. Rd8 Qe1+ 30. Kh2 Qe7 31. Rxf8+ Qxf8 32. a6 h4 33. a7 hxg3+ 34. fxg3 1-0

[Event "*** Titled Tuesday Blitz"]
[Site "Chess.com"]
[Date "2018.07.03"]
[Round "4"]
[White "LuisFSiles"]
[Black "Superfelix"]
[Result "0-1"]
[WhiteElo "2222"]
[BlackElo "2366"]
[TimeControl "180+2"]
[EndTime "13:50:47 PDT"]
[Termination "Superfelix won by checkmate"]

1. d4 Nf6 2. c4 g6 3. Nc3 Bg7 4. e4 d6 5. Nf3 O-O 6. Be2 Na6 7.
Bf4 Nh5 8. Bg5 h6 9. Be3 e5 10. Qd2 Kh7 11. d5 Qe7 12. g4 Bxg4 13. Ng5+ hxg5 14.
Bxg4 Nf4 15. h4 gxh4 16. Bxf4 exf4 17. Qxf4 Bh6 18. Qh2 Nc5 19. Qxh4 Qxh4 20. Rxh4 Kg7 21. Kf1 Bg5 22. Rh1 Rae8 23. f3 f5 24. exf5 gxf5 25. Bh3 Re3 26. Kg2 Nd3 27. Nb5 Re2+ 28. Kf1 Rf2+ 29.
Kg1 Be3 30. Rh2 Rxf3+ 31. Kh1 Kf6 32. Bg2 Nf2+ 33. Kg1 Ng4+ 34. Kh1 Nxh2 35. Bxf3 Nxf3 36. Nxc7 Rg8 37. Nb5 Ke5 38. Rf1 Kf4 39. Nxd6 Rh8+ 40. Kg2 Rh2# 0-1

[Event "*** Titled Tuesday Blitz"]
[Site "Chess.com"]
[Date "2018.07.03"]
[Round "4"]
[White "abubakrtagelsir"]
[Black "Margency"]
[Result "0-1"]
[WhiteElo "2448"]
[BlackElo "2659"]
[TimeControl "180+2"]
[EndTime "13:50:50 PDT"]
[Termination "Margency won by resignation"]

1. e4 c5 2. Nc3 d6 3. f4 Nc6 4.
Nf3 g6 5. Bb5 Bd7 6. Bxc6 Bxc6 7. O-O Bg7 8. d3 f5 9. Ng5 Bxc3 10. bxc3 Nf6 11. e5 dxe5 12. fxe5 Qd5 13. Qe2 Nd7 14.
Bf4 h6 15. Nf3 Nf8 16. c4 Qd7 17. e6 Qxe6 18. Qf2 Nd7 19. Rae1 Qf6 20. Ne5 Rh7 21. Nxd7 Bxd7 22. Qxc5 Qb6 23. Be3 Qxc5 24. Bxc5 b6 25. Ba3 e6 26. Re5 O-O-O 27. c5 Re8 28. cxb6 axb6 29. Rb1 Kc7 30. Rb3 Rf7 31. Rc3+ Kb7 32. Bd6 Rc8 33. Rxc8 Kxc8 34. Re1 Kb7 35. Rb1 Kc6 36. Be5 g5 37. Bd4 b5 38. a4 bxa4 39. c4 f4 40. Rb6+ Kc7 41. Ra6 Rf5 42. Ra7+ Kc8 43.
Kf2 h5 44. h4 g4 45. Bb6 g3+ 46. Kf1 Rf7 47. d4 f3 48. gxf3 Rxf3+ 49. Kg2 Rb3 50. Ba5 Bc6+ 51. d5 Bb7 52. Be1 exd5 53. Rxa4 dxc4+ 54. Kh3 g2+ 55. Kh2 Rh3+ 56. Kg1 Rh1+ 57. Kf2 g1=Q+ 0-1

[Event "*** Titled Tuesday Blitz"]
[Site "Chess.com"]
[Date "2018.07.03"]
[Round "4"]
[White "Last7Samurai"]
[Black "Msb2"]
[Result "1-0"]
[WhiteElo "2614"]
[BlackElo "2714"]
[TimeControl "180+2"]
[EndTime "13:50:52 PDT"]
[Termination "Last7Samurai won by resignation"]

1. Nf3 d5 2. g3 Bg4 3. Bg2 c6 4. O-O Nd7 5. d4 e6 6. Nbd2 Bxf3 7. Bxf3 f5 8. c4 Ngf6 9. Qb3 Rb8 10. Qe3 Kf7 11. Bg2 h6 12. Nf3 Ng4 13. Qb3 Bd6 14. h3 Ngf6 15. Qc2 Re8 16. b3 Ne4 17. Bb2 Kg8 18.
Rad1 Qf6 19. Ne1 h5 20. h4 g5 21. hxg5 Qxg5 22. Nf3 Qf6 23. Bc1 Kf7 24. Bf4 Bxf4 25. gxf4 Rg8 26. Kh2 Rg4 27. e3 Rbg8 28. Bh3 Kf8 29.
b4 Qe7 30. b5 R8g6 31. bxc6 bxc6 32. cxd5 exd5 33. Rb1 Kg7 34. Rb7 Kh6 35. Bxg4 fxg4 36.
Rxd7 Qxd7 37. Ne5 Qd6 38. Nf7+ Kg7 39. Nxd6 Rxd6 1-0